 Dungeon Crawl Stone Soup version 0.18.1-48-g4cf74bf (webtiles) character file.

116 Gargoyl the Skirmisher (level 4, -1/36 HPs)
             Began as a Demonspawn Abyssal Knight on June 24, 2016.
             Was a Believer of Lugonu.
             Slain by Leafly's ghost (13 damage)
             ... on level 3 of the Dungeon.
             The game lasted 00:03:59 (2162 turns).

Gargoyl the Skirmisher (Demonspawn Abyssal Knight)  Turns: 2162, Time: 00:04:00

Health: -1/36      AC:  6    Str: 13    XL:     4   Next: 70%
Magic:  5/5        EV:  9    Int: 18    God:    Lugonu [**....]
Gold:   102        SH:  3    Dex: 16    Spells: 0 memorised, 3 levels left

rFire  . . .     SeeInvis .     g - +1 hand axe (chop)
rCold  . . .     Gourm    .     h - +0 scale mail
rNeg   . . .     Faith    +     d - +0 buckler
rPois  .         Spirit   .     (no helmet)
rElec  .         Dismiss  .     (no cloak)
rCorr  .         Reflect  .     (no gloves)
SustAt .         Harm     .     (no boots)
MR     .....                    n - amulet of faith
Stlth  ..........               (no ring)
                                e - +3 ring of dexterity

@: brilliant, not resistant to hostile enchantments, extremely unstealthy
A: demonic guardian 1, powered by death 1
a: Depart the Abyss, Bend Space, Renounce Religion


You were on level 3 of the Dungeon.
You worshipped Lugonu.
Lugonu was pleased with you.
You were hungry.

You visited 1 branch of the dungeon, and saw 3 of its levels.
You visited the Abyss 1 time.

You collected 102 gold pieces.

Inventory:

Hand Weapons
 g - a +1 hand axe of chopping (weapon)
Armour
 d - a +0 buckler (worn)
 h - a +0 scale mail (worn)
Jewellery
 e - a +3 ring of dexterity (left hand)
 n - an amulet of faith (around neck)
Scrolls
 a - a scroll of noise {unknown}
 b - 2 scrolls of remove curse
 i - a scroll of random uselessness {unknown}
 j - 2 scrolls of fear {unknown}
 m - a scroll of identify
 o - a scroll of teleportation {unknown}
 p - a scroll of amnesia {unknown}
 q - a scroll of fog {unknown}
Comestibles
 c - 3 bread rations
 f - a royal jelly


   Skills:
 + Level 3.6 Fighting
 + Level 2.3 Axes
 * Level 3.4 Armour
 + Level 1.5 Dodging
 + Level 2.5 Invocations


You had 3 spell levels left.
You didn't know any spells.

Dungeon Overview and Level Annotations

Branches:
Dungeon (3/15)

Altars:
Okawaru

Annotations:
D:3 Leafly's ghost, amateur DsFi


Innate Abilities, Weirdness & Mutations

A weak demonic guardian rushes to your aid.
You regenerate a little health from kills.


Message History

You hit Leafly's ghost but do no damage.
Leafly's ghost is lightly damaged.
You feel less regenerative. Leafly's ghost hits you!
Your white imp closely misses Leafly's ghost.
You barely miss Leafly's ghost.
Leafly's ghost is lightly damaged.
Leafly's ghost hits you but does no damage.
Your white imp gestures at Leafly's ghost.
The puff of frost hits Leafly's ghost.
You hit Leafly's ghost but do no damage.
Leafly's ghost is lightly damaged.
Leafly's ghost hits you!
Your white imp hits Leafly's ghost but does no damage.
Okay, then.
Drink which item? (? for menu, Esc to quit)
It was a potion of brilliance.
You feel clever all of a sudden. Leafly's ghost hits you!
You die...

#....# #....#
#.... .. #.(.# .
#...## .##. #....
.....
#######..###.....
.......@(........
.......W5(.....##
####.#...........
.......###.#.##
.......... .....
#........#. ....
#$.......#. .##
......... . ..
........#


You could see Leafly's ghost and a friendly white imp.

Vanquished Creatures
  Ijyb (D:2)
  2 adders (D:2)
  An ooze (D:2)
  A worm (D:2)
  3 dart slugs
  3 giant geckos
  A ball python (D:2)
  5 bats
  A giant cockroach (D:2)
  10 goblins
  3 hobgoblins (D:2)
  9 jackals
  8 kobolds
  3 giant newts (D:2)
  5 rats (D:2)
56 creatures vanquished.

Notes
Turn   | Place    | Note
--------------------------------------------------------------
     0 | Abyss:1  | Gargoyl the Demonspawn Abyssal Knight began the quest for the Orb.
     0 | Abyss:1  | Reached XP level 1. HP: 18/18 MP: 2/2
    15 | Abyss:1  | Found an opulent altar of Gozag.
    48 | Abyss:2  | Noticed an ancient zyme
    70 | Abyss:2  | Noticed a sixfirhy
    71 | D:1      | Escaped the Abyss
    85 | D:1      | Reached * piety under Lugonu
   377 | D:1      | Gained mutation: A weak demonic guardian rushes to your aid. [demonic ancestry]
   377 | D:1      | Reached XP level 2. HP: 24/24 MP: 3/3
   737 | D:1      | Reached skill level 1 in Dodging
  1051 | D:2      | Noticed Ijyb
  1065 | D:2      | HP: 1/24 [Ijyb (2)]
  1371 | D:2      | Killed Ijyb
  1371 | D:2      | Gained mutation: You regenerate a little health from kills. [demonic ancestry]
  1371 | D:2      | Reached XP level 3. HP: 27/29 MP: 4/4
  1522 | D:2      | Reached XP level 4. HP: 29/35 MP: 5/5
  1524 | D:2      | Found an iron altar of Okawaru.
  1580 | D:2      | Reached ** piety under Lugonu
  1960 | D:3      | Noticed Leafly's ghost (amateur DsFi)
  2162 | D:3      | Slain by Leafly's ghost

Skill      XL: |  1  2  3  4 |
---------------+-------------+-----
Axes           | 2 |  2.3
Armour         | 2 3 |  3.4
Dodging        | 1 |  1.5
Fighting       | |  3.6
Invocations    | |  2.5

Action                   |  1- 3 |  4- 6 || total
-------------------------+-------+-------++-------
Melee: Hand axe          |   102 |    72 ||   174
Invok: Depart the Abyss  |     1 |       ||     1
  Use: Scroll            |     2 |       ||     2
       Potion            |     1 |     2 ||     3
  Eat: Chunk             |     2 |     2 ||     4
Armor: Leather armour    |     2 |       ||     2
       Scale mail        |    51 |    37 ||    88
Dodge: Dodged            |    43 |    47 ||    90
Block: Buckler           |    16 |    11 ||    27
